 Dungeon Sprint DCSS version 0.27-a0-93-g19769c27d7 (webtiles) character file.

Game seed: 3248717819399653382

3393 mhtbhm the Eclecticist (level 9, 0/46 HPs)
             Began as a Deep Elf Earth Elementalist on Jan 16, 2021.
             Was a Priest of Vehumet.
             Slain by an unseen horror (8 damage)
             ... in the Dungeon (Sprint III: "The Ten Rune Challenge").
             The game lasted 00:03:51 (1557 turns).

mhtbhm the Eclecticist (DEEE)                       Turns: 1557, Time: 00:03:51

Health: 0/46       AC:  3    Str:  5    XL:     9   Next: 75%
Magic:  21/34      EV: 14    Int: 24    God:    Vehumet [***...]
Gold:   27         SH:  0    Dex: 15    Spells: 28/46 levels left

rFire    . . .     SeeInvis .   (no weapon)
rCold    . . .     Faith    .   (no shield)
rNeg     . . .     Spirit   .   c - +0 robe
rPois    .         Reflect  .   (helmet restricted)
rElec    .         Harm     .   (no cloak)
rCorr    .         Rampage  .   (no gloves)
Will     .....     NoTele   +   (no boots)
Stlth    +++.......             (no amulet)
HPRegen  0.15/turn              (no ring)
MPRegen  0.24/turn              (no ring)

@: no status effects
A: horns 1, rugged brown scales 1
a: Renounce Religion


You were in the Dungeon.
You worshipped Vehumet.
Vehumet was most pleased with you.
You visited 1 branch You collected 27 gold pieces.

Inventory:

Missiles
 b - 9 stones
Armour
 c - a +0 robe (worn)
Wands
 j - a wand of random effects (8)
Scrolls
 a - 3 scrolls of identify
 i - a scroll of blinking
 k - a scroll of torment {unknown}
 l - a scroll of enchant armour {unknown}
 m - 3 scrolls of remove curse
 o - a scroll of immolation {unknown}
Potions
 d - a potion of curing
 e - 2 potions of heal wounds
 f - a potion of haste
 g - 2 potions of magic
 h - 2 potions of berserk rage
 n - 4 potions of flight
 p - 2 potions of might
Miscellaneous
 q - a lightning rod (4/4)


   Skills:
 + Level 0.1 Fighting
 + Level 4.0 Dodging
 - Level 5.0 Stealth
 + Level 19.0 Spellcasting
 + Level 0.6 Conjurations
 + Level 1.9 Transmutations
 + Level 0.6 Air Magic
 + Level 16.2 Earth Magic
 + Level 1.0 Evocations


You had 28 spell levels left.
You knew the following spells:

 Your Spells              Type           Power        Failure   Level
a - Sandblast             Erth           100%         0%          1
b - Passwall              Tmut/Erth      50%          1%          2
c - Stone Arrow           Conj/Erth      100%         1%          3
d - Lee's Rapid Deconstr  Erth           39%          1%          5
e - Petrify               Tmut/Erth      61%          1%          4
f - Mephitic Cloud        Conj/Pois/Air  24%          1%          3

Your spell library contained the following spells:

 Spells                   Type           Power        Failure   Level
 Dazzling Flash           Conj/Hex       48%          1%          3
 Animate Skeleton         Necr           44%          1%          1
 Apportation              Tloc           44%          1%          1
 Corona                   Hex            24%          1%          1
 Summon Small Mammal      Summ           88%          1%          1


Dungeon Overview and Level Annotations

Branches:
Dungeon (1/1)

Altars:
Cheibriados
Dithmenos
Elyvilon
Fedhas
Gozag
Hepliaklqana
Kikubaaqudgha
Makhleb
Nemelex Xobeh
Okawaru
Qazlal
Ru
Sif Muna
Trog
Uskayaw
Vehumet
Wu Jian
Xom
Yredelemnul
Zin
The Shining One
Beogh
Jiyva
Lugonu


Innate Abilities, Weirdness & Mutations

You have a pair of small horns on your head.
You are partially covered in rugged brown scales. (AC +1, +3% HP)


Message History

A rock wall.
The wall shatters!
The blast of rock fragments hits something!!
Vehumet accepts your kill.
You feel your power returning.
Reactivating autopickup.
You feel a bit more experienced. Something hits you!
* * * LOW HITPOINT WARNING * * *
Deactivating autopickup; reactivate with Ctrl-A.
Your Spellcasting skill increases to level 19!
Your Earth Magic skill increases to level 16!
Casting: Lee's Rapid Deconstruction (safe; 1% risk of failure)
Confirm with . or Enter, or press ? or * to list all spells.
Aiming: Lee's Rapid Deconstruction (safe; 1% risk of failure)
Press: ? - help, Dir - move target A rock wall.
The wall shatters!
The blast of rock fragments hits something!!
Something hits you!
You die...

### __# ._# '## ..#
..# #'#
..#+###############
..#..§§§§.#(')).@.#
..#.#§§§#.#.#...##.#
..'.#§§§#.#.#...#
#.#
..#.#§§.#...#...#
#.#
▓▓▓▓▓▓▓▓▓▓▓▓▓▓▓▓#
#.# #.# #.# ##


There were no monsters in sight!

Vanquished Creatures
  Snorg (D)
  A centaur warrior (D)
  An unseen horror (D)
  A deep elf mage (D)
  A shadow (D)
  A spatial vortex (D)
  A necrophage (D)
  2 centaurs (D)
  An earth elemental (D)
  A water elemental (D)
  A jelly (D)
  A wizard (D)
  A necromancer (D)
  3 humans (D)
  A kobold demonologist (D)
  2 oozes (D)
  A phantom (D)
  2 rats (D)
23 creatures vanquished.

Notes
Turn   | Place    | Note
-------+----------+-------------------------------------------
     0 | D        | mhtbhm the Deep Elf Earth Elementalist began the quest for
                  | the Orb.
     0 | D        | Reached XP level 1. HP: 10/10 MP: 6/6
     7 | D        | Reached skill level 5 in Earth Magic
     7 | D        | Reached XP level 2. HP: 15/15 MP: 2/8
   155 | D        | Reached skill level 4 in Spellcasting
   155 | D        | Reached XP level 3. HP: 11/19 MP: 0/11
   296 | D        | Reached skill level 5 in Spellcasting
   364 | D        | Learned a level 2 spell: Passwall
   368 | D        | Learned a level 3 spell: Stone Arrow
   368 | D        | Gained mutation: You are frail. (-10% HP) [potion of
                  | mutation]
   368 | D        | Gained mutation: You are partially covered in large bone
                  | plates. (SH +4) [potion of mutation]
   369 | D        | Lost mutation: You are partially covered in large bone
                  | plates. (SH +4) [potion of mutation]
   369 | D        | Lost mutation: You are frail. (-10% HP) [potion of
                  | mutation]
   369 | D        | Gained mutation: You are dopey. (Int -2) [potion of
                  | mutation]
   369 | D        | Gained mutation: Your muscles are strong. (Str +2) [potion
                  | of mutation]
   371 | D        | Lost mutation: Your muscles are strong. (Str +2) [potion of
                  | mutation]
   371 | D        | Lost mutation: You are dopey. (Int -2) [potion of mutation]
   371 | D        | Gained mutation: You have a pair of small horns on your
                  | head. [potion of mutation]
   371 | D        | Gained mutation: You are partially covered in rugged brown
                  | scales. (AC +1, +3% HP) [potion of mutation]
   488 | D        | Noticed a water elemental
   492 | D        | Killed a water elemental
   493 | D        | Reached skill level 7 in Spellcasting
   493 | D        | Reached XP level 4. HP: 24/24 MP: 8/15
   628 | D        | Found a radiant altar of Vehumet.
   628 | D        | Found a shimmering blue altar of Sif Muna.
   628 | D        | Found an ancient bone altar of Kikubaaqudgha.
   628 | D        | Noticed a wizard
   629 | D        | Killed a wizard
   630 | D        | Reached skill level 8 in Spellcasting
   631 | D        | Reached XP level 5. HP: 28/28 MP: 13/17
   640 | D        | Became a worshipper of Vehumet
   647 | D        | Learned a level 5 spell: Lee's Rapid Deconstruction
   652 | D        | Learned a level 4 spell: Petrify
   688 | D        | Found a basalt altar of Yredelemnul.
   688 | D        | Found a shadowy altar of Dithmenos.
   688 | D        | Found a sacrificial altar of Ru.
   688 | D        | Noticed a necrophage
   691 | D        | Killed a necrophage
   692 | D        | Reached skill level 10 in Spellcasting
   692 | D        | Reached skill level 10 in Earth Magic
   791 | D        | Found a hide-covered altar of Uskayaw.
   791 | D        | Found a roughly hewn altar of Beogh.
   791 | D        | Found an iron altar of Okawaru.
   791 | D        | Found a bloodstained altar of Trog.
   791 | D        | Found an ornate altar of the Wu Jian Council.
   791 | D        | Noticed a human
   791 | D        | Noticed a human
   793 | D        | Killed a human
   793 | D        | Reached * piety under Vehumet
   793 | D        | Offered knowledge of Magic Dart by Vehumet.
   794 | D        | Reached skill level 5 in Stealth
   794 | D        | Reached skill level 11 in Spellcasting
   794 | D        | Reached XP level 6. HP: 32/32 MP: 8/22
   795 | D        | Killed a human
   796 | D        | Reached skill level 12 in Spellcasting
   796 | D        | Reached XP level 7. HP: 37/37 MP: 4/25
   889 | D        | Found a glowing silver altar of Zin.
   889 | D        | Found a glowing golden altar of the Shining One.
   889 | D        | Found a white marble altar of Elyvilon.
   889 | D        | Noticed a deep elf mage
   891 | D        | Killed a deep elf mage
   892 | D        | Reached skill level 14 in Spellcasting
   974 | D        | Reached ** piety under Vehumet
   974 | D        | Offered knowledge of Foxfire by Vehumet.
   974 | D        | Noticed a shadow
   977 | D        | Killed a shadow
   978 | D        | Reached skill level 15 in Spellcasting
   978 | D        | Reached XP level 8. HP: 42/42 MP: 15/29
  1043 | D        | Found a blossoming altar of Fedhas.
  1043 | D        | Found a stormy altar of Qazlal.
  1043 | D        | Found a snail-covered altar of Cheibriados.
  1043 | D        | Found a burning altar of Makhleb.
  1043 | D        | Found a shimmering altar of Xom.
  1044 | D        | Found a hazy altar of Hepliaklqana.
  1044 | D        | Found an opulent altar of Gozag.
  1044 | D        | Found a sparkling altar of Nemelex Xobeh.
  1044 | D        | Found a corrupted altar of Lugonu.
  1044 | D        | Found a viscous altar of Jiyva.
  1135 | D        | Noticed Snorg
  1173 | D        | Killed Snorg
  1173 | D        | Offered knowledge of Mephitic Cloud by Vehumet.
  1174 | D        | Reached skill level 17 in Spellcasting
  1174 | D        | Reached XP level 9. HP: 46/46 MP: 9/32
  1178 | D        | Learned a level 3 spell: Mephitic Cloud
  1346 | D        | Noticed a centaur warrior
  1349 | D        | Reached *** piety under Vehumet
  1350 | D        | Reached skill level 15 in Earth Magic
  1353 | D        | Killed a centaur warrior
  1353 | D        | Offered knowledge of Dazzling Flash by Vehumet.
  1354 | D        | Reached skill level 18 in Spellcasting
  1354 | D        | Reached skill level 1 in Evocations
  1556 | D        | Killed an unseen horror
  1557 | D        | Reached skill level 19 in Spellcasting
  1557 | D        | Slain by an unseen horror

Illustrated notes

Levels and vault maps discovered:
D:        dungeon_sprint_mu [sprint_mu_entry_forest, sprint_mu_temple_rooms,
          sprint_mu_d1_horrors, sprint_mu_d2_genie, sprint_mu_d3_branching,
          sprint_mu_orc_legion, sprint_mu_elf_gauntlet, sprint_mu_hive_nellie,
          sprint_mu_lair_fedhas, sprint_mu_vaults_butterflies,
          sprint_mu_slime_circle, sprint_mu_swamp_cave, sprint_mu_shoals_kraken,
          sprint_mu_blade_basic, sprint_mu_crypt_fortress,
          sprint_mu_tomb_spiral, sprint_mu_vestibule_basic,
          sprint_mu_gehenna_hellfire, sprint_mu_dis_giant,
          sprint_mu_tartarus_statrot, sprint_mu_cocytus_islands, sprint_mu_zot1]

Skill      XL: |  1  2  3  4  5  6  7  8  9 |
---------------+----------------------------+-----
Earth Magic    | 5 6 7 8 11 13 14 16 | 16.2
Dodging        | 3 4 |  4.0
Stealth        | 3 4 5 |  5.0
Spellcasting   | 4 7 8 11 12 15 17 19 | 19.0
Evocations     | 1 |  1.0
Fighting       | |  0.1
Conjurations   | |  0.6
Transmutations | |  1.9
Air Magic      | |  0.6

Action                   |  1- 3 |  4- 6 |  7- 9 || total
-------------------------+-------+-------+-------++-------
 Cast: Sandblast         |    19 |     2 |       ||    21
       Lee's Rapid Decon |       |     6 |    20 ||    26
       Stone Arrow       |       |     1 |     1 ||     2
       Petrify           |       |       |     1 ||     1
       Mephitic Cloud    |       |       |     1 ||     1
Evoke: Wand              |       |       |     1 ||     1
  Use: Potion            |     3 |       |     1 ||     4
Dodge: Dodged            |     4 |       |       ||     4

Table legend: (Time is in decaauts)
 A = Elapsed time spent in this place.
 B = Non-inter-level travel time spent in this place.
 C = Inter-level travel time spent in this place.
 D = Time resting spent in this place.
 E = Time spent auto-exploring this place.
 F = Levels seen in this place.
 G = Mean time per level.
                   A        B        C        D        E       F      G
               +--------+--------+--------+--------+--------+-----+--------+
         Total |   1542 |   1542 |      0 |   1194 |      1 |   1 | 1542.0 |
       Dungeon |   1542 |   1542 |      0 |   1194 |      1 |   1 | 1542.0 |
               +--------+--------+--------+--------+--------+-----+--------+

Top non-repeatable levels by time:
       D: 1542 daAuts
